 Dungeon Crawl Stone Soup version 0.21.1-1-g345015f (webtiles) character file.

4711 Monsterracer the Martial Artist (level 10, -29/68 HPs)
             Began as an Octopode Monk on Apr 14, 2018.
             Was a Believer of Cheibriados.
             Annihilated by a two-headed ogre
             ... wielding a +0 giant club
              (32 damage)
             ... while paralysed by a hornet
             ... on level 9 of the Dungeon on Apr 15, 2018.
             The game lasted 00:16:08 (9249 turns).

Monsterracer the Martial Artist (Octopode Monk)     Turns: 9249, Time: 00:16:09

Health: -29/68     AC:  1    Str: 16    XL:     10   Next: 45%
Magic:  14/14      EV:  2    Int: 20    God:    Cheibriados [**....]
Gold:   409        SH:  0    Dex: 20    Spells: 4/9 levels left

rFire    . . .     SeeInvis .     - Unarmed
rCold    . . .     Gourm    .   a - +1 shield
rNeg     . . .     Faith    .   (helmet restricted)
rPois    .         Spirit   .   m - amulet of regeneration
rElec    .         Reflect  .   f - ring of protection from magic {!d}
rCorr    .         Harm     .   d - ring of protection from magic {!d}
MR       ++...                  u - ring of flight
Stlth    ++++......             (no ring)
HPRegen  0.61/turn              (no ring)
MPRegen  0.14/turn              (no ring)
                                (no ring)
                                (no ring)

@: paralysed, very slow
A: almost no armour, stealthy swim, amphibious, 8 rings, constrict 8, camouflage
1, gelatinous body 1
a: Bend Time, Renounce Religion, Evoke Flight


You were on level 9 of the Dungeon.
You worshipped Cheibriados.
Cheibriados was pleased with you.
You were not hungry.

You visited 3 branches of the dungeon, and saw 11 of its levels.

You collected 409 gold pieces.

Inventory:

Missiles
 v - 2 throwing nets (quivered)
Armour
 a - a +1 shield (worn)
Jewellery
 d - a ring of protection from magic (right tentacle) {!d}
 f - a ring of protection from magic (left tentacle) {!d}
 m - an amulet of regeneration (around mantle)
 u - a ring of flight (on tentacle)
 w - an uncursed ring of fire
Wands
 g - a wand of clouds (4)
 h - a wand of polymorph (3)
 j - a wand of flame (7)
Scrolls
 i - a scroll of teleportation
 k - a scroll of magic mapping {!r}
 n - 8 scrolls of remove curse
 s - 2 scrolls of identify
 t - a scroll of enchant armour
Potions
 b - a potion of cancellation
 e - 3 potions of curing
 l - 2 potions of heal wounds
 o - a potion of resistance
 p - a potion of agility
 q - a potion of flight
 r - a potion of mutation {!q}
Comestibles
 c - 24 rations


   Skills:
 + Level 6.1 Fighting
 + Level 6.1 Dodging
 - Level 5.0 Stealth
 + Level 5.4 Shields
 * Level 10.1 Unarmed Combat
 + Level 2.6 Invocations
 + Level 5.6 Evocations


You had 4 spell levels left.
You knew the following spells:

 Your Spells              Type           Power        Failure   Level  Hunger
c - Mephitic Cloud        Conj/Pois/Air  #.......     89%         3    ####...
e - Blink                 Tloc           N/A          69%         2    ###....


Dungeon Overview and Level Annotations

Branches:
Dungeon (9/15)             Temple (1/1) D:4            Lair (1/6) D:8
    Orc: D:9-12

Altars:
Ashenzari
Cheibriados
Dithmenos
Elyvilon
Fedhas
Gozag
Hepliaklqana
Kikubaaqudgha
Makhleb
Nemelex Xobeh
Okawaru
Qazlal
Ru
Sif Muna
Trog
Uskayaw
Vehumet
Wu Jian
Xom
Yredelemnul
Zin
The Shining One
Beogh

Annotations:
D:6 Totori's ghost, novice HuNe


Innate Abilities, Weirdness & Mutations

You cannot wear most types of armour.
You are very stealthy in the water. (Stealth+)
You are amphibious.
You can wear up to eight rings at the same time.
You can use your tentacles to constrict eight enemies at once.
Your skin changes colour to match your surroundings (Stealth+).
Your rubbery body absorbs attacks. (AC +1, EV +1)


Message History

The elephant misses you. The elephant trunk-slaps you.
* * * LOW HITPOINT WARNING * * *
You take 2 damage, and have 31/68 hp.
Unknown command.
You bludgeon the elephant! You tentacle-slap the elephant!
Your squeeze misses the elephant.
The elephant is severely wounded.
The elephant tramples you.
* * * LOW HITPOINT WARNING * * *
You stumble backwards!
You take 4 damage, and have 27/68 hp.
Unknown command.
You tentacle-slap the elephant. You squeeze the elephant.
The elephant is severely wounded.
The elephant tramples you!
* * * LOW HITPOINT WARNING * * *
You stumble backwards!
You take 11 damage, and have 16/68 hp.
Unknown command.
You bludgeon the elephant!
The elephant is almost dead.
You block the elephant's attack. x2
You tentacle-slap the elephant but do no damage.
The elephant is almost dead.
The elephant tramples you!
* * * LOW HITPOINT WARNING * * *
You stumble backwards!
You take 7 damage, and have 9/68 hp.
You tentacle-slap the elephant but do no damage.
You kill the elephant!
Cheibriados appreciates the change of pace.
Your Fighting skill increases to level 6!
Your Unarmed Combat skill increases to level 10!
You start resting.
HP restored.
Health restored: 68
There is an open door, spattered with blood here.
Things that are here:
a giant club; a great mace
k - a scroll of magic mapping {!r}
There is an open door, spattered with blood here.
You open the door.
There is an open door here.
There is an open door here.
You open the door.
There is an open door here.
You now have 409 gold pieces (gained 18).
You open the door.
A two-headed ogre comes into view. It is wielding two giant clubs.
There is an open door here.
The two-headed ogre shouts in stereo!
You hear an angry buzzing noise.
Evoke which item? (* to show all) (? for menu, Esc to quit)
Aiming: Cloud Cone
Press: ? - help, Dir - move target cursor, f - two-headed ogre
Aim: a two-headed ogre, wielding two giant clubs You create a blast of poison gas!
The two-headed ogre is poisoned.
The two-headed ogre barely misses you.
The two-headed ogre hits you with a giant club!!
A hornet comes into view.
The hornet buzzes angrily.
You take 26 damage, and have 42/68 hp.
MASSIVE DAMAGE!!
You barely miss the two-headed ogre. You squeeze the two-headed ogre!
The two-headed ogre is moderately wounded.
You hear a shout!
You barely miss the two-headed ogre.
The two-headed ogre is moderately wounded.
The hornet is engulfed in poison gas.
The hornet is poisoned.
The two-headed ogre is engulfed in poison gas.
The two-headed ogre looks even sicker.
The two-headed ogre barely misses you. You block the two-headed ogre's attack.
You tentacle-slap the two-headed ogre.
The two-headed ogre is moderately wounded.
The hornet is engulfed in poison gas.
The hornet looks even sicker.
The two-headed ogre is engulfed in poison gas.
The two-headed ogre looks even sicker.
The two-headed ogre closely misses you. The two-headed ogre barely misses you.
The hornet looks even sicker.
You bludgeon the hornet! Your grab misses the hornet.
The hornet is heavily wounded.
The hornet barely misses you.
You closely miss the hornet. Your grab misses the hornet.
You squeeze the hornet.
The hornet is severely wounded.
The hornet stings you.
You suddenly lose the ability to move!
The two-headed ogre is engulfed in poison gas.
The two-headed ogre looks as sick as possible!
The two-headed ogre hits you with a giant club!
* * * LOW HITPOINT WARNING * * *
The two-headed ogre barely misses you.
You kill the hornet!
Cheibriados thoroughly appreciates the change of pace.
The two-headed ogre is engulfed in poison gas.
The two-headed ogre looks as sick as possible!
The two-headed ogre hits you with a giant club!!
* * * LOW HITPOINT WARNING * * *
The two-headed ogre hits you with a giant club.
* * * LOW HITPOINT WARNING * * *
The two-headed ogre is engulfed in poison gas.
The two-headed ogre looks as sick as possible!
The two-headed ogre hits you with a giant club!!
You die...

.....................
#######.................
#.. #..........)!.....
.... #.................
..... #...###..###..####
.....####+###..###..####
...§.......#.....#.....'
...§§§.....#.....#.....#
...§§§O@...'.....#.....#
...§§##...###...####..##
... #...###...####..## .
.............#.....
...............#.....
................#.....
................'.....
+##########...####'##.
########.##.


You could see a two-headed ogre.

Vanquished Creatures
  A two-headed ogre (D:9)
  An elephant (D:9)
  A hornet (D:9)
  Grinder (D:3)
  A wyvern (D:8)
  Sigmund (D:2)
  2 hell hounds (D:8)
  6 orc warriors
  A sky beast (D:5)
  3 ice beasts (D:8)
  4 ogres
  2 centaurs
  A bullfrog (D:8)
  2 scorpions
  5 killer bees (D:7)
  A howler monkey (D:4)
  3 crimson imps
  A bullfrog zombie (D:5)
  2 hounds (D:8)
  A quasit (D:7)
  5 orc priests
  A centaur skeleton (D:5)
  Jessica (D:2)
  4 orc wizards
  2 iguanas
  Natasha (thrice) (D:2)
  2 worker ants
  A killer bee zombie (D:7)
  A hound zombie (D:7)
  A hound skeleton (D:8)
  A howler monkey skeleton (D:4)
  11 adders
  2 shadow imps
  5 oozes
  An adder skeleton (D:7)
  2 worms
  2 dart slugs (D:1)
  5 leopard geckos
  35 orcs
  5 giant cockroaches
  11 goblins
  11 hobgoblins
  3 jackals (D:7)
  11 kobolds
  6 quokkas
  A ball python (D:4)
  2 bats
  2 frilled lizards
  A giant cockroach zombie (D:5)
  A leopard gecko skeleton (D:5)
  2 leopard gecko zombies
  A rat (D:1)
182 creatures vanquished.

Notes
Turn   | Place    | Note
-------+----------+-------------------------------------------
     0 | D:1      | Monsterracer the Octopode Monk began the quest for the Orb.
     0 | D:1      | Reached XP level 1. HP: 16/16 MP: 1/1
   151 | D:1      | Reached XP level 2. HP: 21/21 MP: 2/2
   360 | D:1      | Reached skill level 4 in Unarmed Combat
   557 | D:1      | Reached XP level 3. HP: 26/26 MP: 3/3
  1005 | D:2      | Noticed Jessica
  1013 | D:2      | Killed Jessica
  1013 | D:2      | Reached XP level 4. HP: 27/31 MP: 4/4
  1253 | D:2      | Reached skill level 5 in Unarmed Combat
  1543 | D:2      | Noticed Natasha
  1549 | D:2      | Killed Natasha
  1567 | D:2      | Noticed Sigmund
  1576 | D:2      | Killed Sigmund
  1576 | D:2      | Reached skill level 6 in Unarmed Combat
  1576 | D:2      | Reached XP level 5. HP: 34/36 MP: 5/5
  1576 | D:2      | Reached XP level 6. HP: 40/42 MP: 6/6
  1621 | D:2      | Noticed Natasha
  1628 | D:2      | Killed Natasha
  1716 | D:2      | Noticed Natasha
  1723 | D:2      | Killed Natasha
  1905 | D:3      | Found an iron altar of Okawaru.
  1965 | D:3      | HP: 21/42 [poisoned by an adder]
  1970 | D:3      | HP: 14/42 [poisoned by an adder]
  1975 | D:3      | HP: 9/42 [poisoned by an adder]
  1981 | D:3      | HP: 7/42 [poisoned by an adder]
  1987 | D:3      | HP: 5/42 [poisoned by an adder]
  1995 | D:3      | HP: 5/42 [poisoned by an adder]
  2341 | D:3      | HP: 20/42 [iguana (13)]
  2343 | D:3      | Reached skill level 1 in Evocations
  2610 | D:3      | Noticed Grinder
  2622 | D:3      | Killed Grinder
  2622 | D:3      | Reached skill level 7 in Unarmed Combat
  2622 | D:3      | Reached XP level 7. HP: 28/46 MP: 6/8
  2865 | D:3      | Learned a level 2 spell: Blink
  2869 | D:3      | Found a hazy altar of Hepliaklqana.
  3234 | D:4      | Found a white marble altar of Elyvilon.
  3602 | D:4      | Found a staircase to the Ecumenical Temple.
  3607 | D:4      | Learned a level 3 spell: Mephitic Cloud
  3614 | Temple   | Entered the Ecumenical Temple
  3865 | D:5      | Entered Level 5 of the Dungeon
  4266 | D:5      | Reached XP level 8. HP: 47/54 MP: 9/9
  4335 | D:5      | You fall through a shaft for 3 floors!
  4537 | D:7      | Found a radiant altar of Vehumet.
  4758 | D:6      | Found a deep blue altar of Sif Muna.
  4889 | D:6      | Found a shadowy altar of Dithmenos.
  5082 | D:5      | Reached skill level 5 in Stealth
  5197 | D:5      | Reached skill level 8 in Unarmed Combat
  5504 | D:5      | HP: 27/54 [sky beast (4)]
  5506 | D:5      | Reached skill level 1 in Shields
  5747 | D:6      | Noticed Totori's ghost (novice HuNe)
  6573 | D:7      | HP: 15/54 [ogre/giant club (28)]
  6608 | D:7      | HP: 23/54 [orc priest/divine providence (12)]
  6651 | D:6      | HP: 24/54 [ogre/giant club (24)]
  6705 | D:6      | Reached XP level 9. HP: 59/59 MP: 11/11
  6907 | D:7      | Found an opulent altar of Gozag.
  6908 | D:7      | Found a glowing silver altar of Zin.
  7087 | D:7      | HP: 23/60 [killer bee (10)]
  7092 | D:7      | HP: 29/90 [poisoned by a killer bee]
  7097 | D:7      | HP: 29/90 [poisoned by a killer bee]
  7104 | D:7      | HP: 31/90 [killer bee (1)]
  7109 | D:7      | HP: 32/90 [poisoned by a killer bee]
  7117 | D:7      | HP: 35/90 [poisoned by a killer bee]
  7358 | D:7      | Reached skill level 5 in Dodging
  7374 | D:7      | Found a snail-covered altar of Cheibriados.
  7492 | D:8      | Reached skill level 5 in Fighting
  7601 | D:8      | Reached skill level 9 in Unarmed Combat
  7717 | D:8      | Found a staircase to the Lair.
  7725 | D:8      | HP: 18/61 [ice beast (13)]
  7738 | D:8      | HP: 24/61 [ice beast (2)]
  7738 | D:8      | HP: 11/61 [ice beast (13)]
  7802 | D:8      | HP: 27/61 [ice beast (11)]
  7943 | D:8      | Found an ancient bone altar of Kikubaaqudgha.
  7996 | D:8      | Found a stormy altar of Qazlal.
  8040 | D:8      | HP: 27/61 [orc warrior/dire flail (13)]
  8042 | D:8      | HP: 9/61 [orc warrior/dire flail (19)]
  8133 | D:8      | Found a roughly hewn altar of Beogh.
  8154 | D:8      | HP: 28/61 [orc warrior/hand axe (7)]
  8155 | D:8      | HP: 11/61 [orc/whip of electrocution (18)]
  8367 | D:7      | Became a worshipper of Cheibriados the Contemplative
  8367 | D:7      | Reached * piety under Cheibriados
  8367 | D:7      | Reached ** piety under Cheibriados
  8440 | D:8      | HP: 30/61 [hell hound (9)]
  8442 | D:8      | Reached skill level 1 in Invocations
  8442 | D:8      | Reached skill level 5 in Evocations
  8445 | D:8      | HP: 20/61 [hell hound/blast of flame (13)]
  8447 | D:8      | Reached XP level 10. HP: 23/67 MP: 13/13
  8571 | D:8      | Reached skill level 5 in Shields
  8914 | D:9      | Noticed a two-headed ogre
  8958 | Lair:1   | Entered Level 1 of the Lair of Beasts
  9016 | D:9      | Killed a two-headed ogre
  9051 | D:9      | Noticed a two-headed ogre
  9052 | D:9      | Noticed an elephant
  9052 | D:9      | a two-headed ogre changed into an elephant
  9058 | D:9      | HP: 33/68 [elephant (12)]
  9061 | D:9      | HP: 16/68 [elephant (12)]
  9064 | D:9      | Killed an elephant
  9064 | D:9      | Reached skill level 10 in Unarmed Combat
  9237 | D:9      | Noticed a two-headed ogre
  9247 | D:9      | Paralysed by a hornet for 2 turns
  9247 | D:9      | HP: 24/68 [two-headed ogre/giant club (16)]
  9248 | D:9      | HP: 7/68 [two-headed ogre/giant club (18)]
  9248 | D:9      | HP: 3/68 [two-headed ogre/giant club (4)]
  9249 | D:9      | Annihilated by a two-headed ogre

Skill      XL: |  1  2  3  4  5  6  7  8  9 10 |
---------------+-------------------------------+-----
Unarmed Combat | 4 6 7 8 9 10 | 10.1
Stealth        | 3 4 5 |  5.0
Evocations     | 1 2 3 5 |  5.6
Fighting       | 4 5 6 |  6.1
Dodging        | 4 5 6 |  6.1
Shields        | 2 4 5 |  5.4
Invocations    | 1 2 |  2.6

Action                   |  1- 3 |  4- 6 |  7- 9 | 10-12 || total
-------------------------+-------+-------+-------+-------++-------
Melee: Unarmed           |    56 |    82 |   368 |    32 ||   538
       Constrict         |    14 |    14 |    69 |     5 ||   102
       Tentacles         |     5 |    13 |    77 |    11 ||   106
       Punch             |     1 |     2 |    19 |     7 ||    29
Evoke: Wand              |       |       |       |     4 ||     4
  Use: Scroll            |       |     3 |    11 |       ||    14
       Potion            |       |       |     1 |       ||     1
 Stab: Sleeping          |     8 |     6 |    17 |       ||    31
  Eat: Chunk             |       |     5 |    15 |     1 ||    21
       Ration            |       |       |     1 |       ||     1
Armor: Skin              |     4 |     4 |    28 |       ||    36
Dodge: Dodged            |    31 |    30 |   185 |    16 ||   262
Block: Shield            |       |       |    43 |    11 ||    54

Vault maps used:
D:1:      lemuel_arrival_broad_hall
D:2:      uniq_natasha, uniq_sigmund, uniq_jessica
D:3:      cheibrodos_helix_gallery, okawaru_trees_1,
          nicolae_overflow_crystal_walls, first_ration,
          hangedman_abyss_or_decor_lesser_grid, uniq_grinder
D:4:      kennysheep_mini_moat, minmay_temple_entry_enclosed_plants,
          serial_glass, glass_columns_a, glass_columns_b, glass_columns_b,
          glass_columns_b
D:5:      serial_bayou_pond_d
D:6:      nicolae_dithmenos_through_a_glass_darkly, lemuel_blue_sif_altar
D:7:      grunt_temple_overflow_gold_and_silver, nicolae_overflow_hidden_temple,
          fiery_altar_vehumet
D:8:      overflow_temple_1_default, nicolae_qazlal_general_emergency,
          minmay_lair_entry_lava, special_room, grunt_ogre_cave
Temple:   jpeg_temple_clearing
Lair:1:   guppyfry_lair_drakes
